 Dungeon Crawl Stone Soup version 0.20.1-1-g8b1a95d (webtiles) character file.

296 codl the Skirmisher (level 6, -4/55 HPs)
             Began as a Minotaur Berserker on July 18, 2017.
             Was an Initiate of Dithmenos.
             Slain by a polar bear (7 damage)
             ... created by the rage of Trog
             ... on level 4 of the Dungeon.
             The game lasted 00:51:43 (3101 turns).

codl the Skirmisher (Minotaur Berserker)            Turns: 3101, Time: 00:51:46

Health: -4/55      AC: 11    Str: 24    XL:     6   Next: 12%
Magic:  5/5        EV:  7    Int:  4    God:    Dithmenos [......]
Gold:   228        SH:  3    Dex:  9    Spells: 5/5 levels left

rFire    . . .     SeeInvis .   a - +3 hand axe
rCold    . . .     Gourm    .   n - +0 buckler
rNeg     . . .     Faith    .   q - +0 plate armour
rPois    .         Spirit   .   (helmet restricted)
rElec    .         Reflect  .   (no cloak)
rCorr    .         Harm     .   (no gloves)
MR       .....                  (no boots)
Stlth    ..........             (no amulet)
Regen    0.2/turn               (no ring)
MPRegen  0.1/turn               (no ring)

@: no status effects
A: retaliatory headbutt, horns 2
a: Renounce Religion


You were on level 4 of the Dungeon.
You worshipped Dithmenos.
Dithmenos was noncommittal.
You were not hungry.

You visited 2 branches of the dungeon, and saw 5 of its levels.

You collected 228 gold pieces.

Inventory:

Hand Weapons
 a - a +3 hand axe (weapon)
 b - a +0 hunting sling
 d - a +0 spear
 t - a +1 spear of freezing
Missiles
 f - 110 stones (quivered)
 h - 6 needles of confusion
Armour
 g - a +0 animal skin
 l - a +0 leather armour
 n - a +0 buckler (worn)
 q - a +0 plate armour (worn)
 u - a +0 helmet
Scrolls
 e - 3 scrolls of identify
 j - a scroll of magic mapping
 k - 2 scrolls of remove curse
 s - a scroll of fear {unknown}
 v - a scroll of random uselessness
 A - a scroll of enchant armour {unknown}
Potions
 m - a potion of brilliance {unknown}
 o - a potion of haste {unknown}
 p - a potion of curing
 r - a potion of heal wounds
 x - a potion of might {unknown}
 B - a potion of ambrosia {unknown}
Books
 y - a book of Power

   Spells                             Type                      Level
   a - Iskenderun's Battlesphere      Conjuration/Charms           5
   b - Venom Bolt                     Conjuration/Poison           5
   c - Bolt of Magma                  Conjuration/Fire/Earth       5
   d - Iron Shot                      Conjuration/Earth            6
   e - Orb of Destruction             Conjuration                  7
   f - Spellforged Servitor           Conjuration/Summoning        7
Comestibles
 c - 3 bread rations
 i - 2 fruits


   Skills:
 + Level 4.9 Fighting
 + Level 3.5(4.5) Axes
 + Level 4.2(4.9) Polearms
 + Level 3.1 Slings
 + Level 2.9 Armour
 + Level 2.8 Dodging
 + Level 0.5 Stealth
 + Level 0.8 Shields


You had 5 spell levels left.
You didn't know any spells.

Dungeon Overview and Level Annotations

Branches:
Dungeon (4/15)             Temple (1/1) D:4

Altars:
Dithmenos
Elyvilon
Gozag
Hepliaklqana
Kikubaaqudgha
Makhleb
Nemelex Xobeh
Qazlal
Xom
Yredelemnul
The Shining One


Innate Abilities, Weirdness & Mutations

You reflexively headbutt those who attack you in melee.
You have a pair of horns on your head.


Message History

Found a scroll of identify.
You now have 228 gold pieces (gained 10).
You hear an angry growl.
You start resting.
You hear an angry growl. x13
Trog sends monsters to punish you.
A polar bear and 2 black bears come into view.
You hit the polar bear.
The polar bear is lightly wounded.
The polar bear bites you!
The polar bear claws you but does no damage. x2
You hear an angry growl.
You closely miss the polar bear.
The polar bear is lightly wounded.
You hit the black bear. The polar bear bites you!
* * * LOW HITPOINT WARNING * * *
The polar bear claws you but does no damage. x2
The black bear bites you but does no damage.
The black bear barely misses you. x2; The polar bear bites you!
You die...

#####
...##
... #.#
#h# #h#
#@#
#.h.#
#?###
#.
##### #
.......
#####.#
#.# #.#


You could see a polar bear (berserk) and 2 black bears.

Vanquished Creatures
  The ghost of miragecloak the Chopper, an amateur HOAK of Lugonu (D:3)
  A scorpion (D:4)
  A centaur skeleton (D:4)
  Robin (D:2)
  5 adders
  3 oozes
  2 worms
  A dart slug (D:2)
  2 leopard geckos (D:3)
  3 giant cockroaches
  7 hobgoblins
  A quokka (D:2)
  4 bats
  4 frilled lizards
  11 goblins
  9 kobolds
  4 rats
60 creatures vanquished.

Notes
Turn   | Place    | Note
-------+----------+-------------------------------------------
     0 | D:1      | codl the Minotaur Berserker began the quest for the Orb.
     0 | D:1      | Reached XP level 1. HP: 19/19 MP: 0/0
    55 | D:1      | Found a glowing golden altar of the Shining One.
   442 | D:1      | Reached XP level 2. HP: 25/27 MP: 1/1
  1001 | D:1      | Reached XP level 3. HP: 33/33 MP: 2/2
  1483 | D:2      | Reached skill level 1 in Axes
  1666 | D:2      | Reached skill level 1 in Slings
  1753 | D:2      | Reached ** piety under Trog
  1812 | D:2      | Reached XP level 4. HP: 33/40 MP: 3/3
  1890 | D:2      | Noticed Robin
  1897 | D:2      | Killed Robin
  2193 | D:3      | Found a shimmering altar of Xom.
  2194 | D:3      | Found a hazy altar of Hepliaklqana.
  2194 | D:3      | Noticed a yak
  2195 | D:3      | Noticed a yak
  2195 | D:3      | Noticed a spectral ugly thing
  2217 | D:3      | Noticed miragecloak's ghost (amateur HOAK)
  2232 | D:3      | Killed miragecloak's ghost
  2232 | D:3      | Reached XP level 5. HP: 37/47 MP: 4/4
  2627 | D:3      | Found a shadowy altar of Dithmenos.
  2627 | D:3      | Found an opulent altar of Gozag.
  2639 | D:3      | Fell from the grace of Trog
  2639 | D:3      | Became a worshipper of Dithmenos the Shadowed
  2809 | D:4      | Found a staircase to the Ecumenical Temple.
  2818 | Temple   | Entered the Ecumenical Temple
  2930 | D:4      | Reached XP level 6. HP: 43/55 MP: 5/5
  3002 | D:4      | Noticed a polar bear
  3099 | D:4      | Noticed a polar bear
  3101 | D:4      | Slain by a polar bear

Skill      XL: |  1  2  3  4  5  6 |
---------------+-------------------+-----
Fighting       | 4 |  4.9
Polearms       | 4 |  4.2
Axes           | 1 2 3 |  3.5
Slings         | 1 2 3 |  3.1
Armour         | |  2.9
Dodging        | |  2.8
Stealth        | |  0.5
Shields        | |  0.8

Action                   |  1- 3 |  4- 6 || total
-------------------------+-------+-------++-------
Melee: Spear             |    15 |       ||    15
       Hand axe          |    57 |    50 ||   107
       Headbutt          |     8 |    10 ||    18
 Fire: Hunting sling     |    29 |    17 ||    46
Invok: Berserk           |       |     2 ||     2
       Burn Spellbooks   |       |     1 ||     1
  Use: Potion            |     4 |     1 ||     5
       Scroll            |       |     4 ||     4
  Eat: Royal jelly       |     1 |       ||     1
       Chunk             |       |     6 ||     6
Armor: Animal skin       |     7 |       ||     7
       Leather armour    |     4 |     4 ||     8
       Plate armour      |       |    15 ||    15
Dodge: Dodged            |    25 |    22 ||    47
Block: Buckler           |     4 |     5 ||     9
